[Event "Titled Tuesday Blitz November 14 Early 2023"]
[White "Lopez Martinez, Josep Manuel"]
[Black "Djokic, Mihailo"]
[WhiteFideId "2212943"]
[BlackFideId "976440"]
[WhiteElo "2541"]
[BlackElo "2692"]
[Result "1-0"]
[Round "10"]
[TimeControl "180+1"]
[Date "2023.11.14"]
[WhiteClock "0:00:06"]
[BlackClock "0:00:00"]
[Board "60"]

1. e4 c5 2. Nf3 d6 3. d4 cxd4 4. Nxd4 Nf6 5. Nc3 g6 6. Be3 Bg7 7. f3 O-O 8. Qd2 Nc6 9. g4 Bd7 10. O-O-O Rc8 11. h4 Ne5 12. Be2 Qa5 13. Nb3 Qc7 14. g5 Nh5 15. Nd5 Qd8 16. Bxa7 Ng3 17. Rhg1 Nxe2+ 18. Qxe2 Nc4 19. Bd4 Bb5 20. Bxg7 Na3 21. Qf2 Rxc2+ 22. Qxc2 Nxc2 23. Bxf8 Kxf8 24. Kxc2 Be2 25. Rd4 Bxf3 26. Rf1 Bg4 27. Nc3 Qb6 28. Rf2 Be6 29. Rfd2 Qa6 30. a3 Qf1 31. Nd5 Qh3 32. Na5 b5 33. Nc6 Qxh4 34. Ncxe7 Qxg5 35. Rb4 h5 36. Rxb5 Kg7 37. a4 Qe5 38. Nc3 Qf4 39. a5 h4 40. a6 Qe3 41. Ned5 Qa7 42. Rb6 h3 43. Rxd6 Bc8 44. Nf4 Qe3 45. Nxh3 Bxh3 46. R6d3 Qa7 47. Rxh3 Qxa6 48. Rf3 Qc6 49. Rdf2 f6 50. Rxf6 Qc5 51. Rf7+ Kh6 52. R7f3 Qd4 53. Rg2 Kg7 54. Rfg3 Kf7 55. Rxg6 Qc4 56. Rg7+ Kf6 57. R7g5 Ke6 58. Rf5 Qc8 59. Rd2 Qa8 60. Rdd5 Ke7 61. Rde5+ Kd6 62. Rd5+ Ke6 63. Rh5 Kf6 64. b4 Qa3 65. b5 Qb4 66. Rhf5+ Kg6 67. Rfe5 Kf6 68. Rf5+ Kg6 69. Rg5+ Kf6 70. Rdf5+ Ke6 71. Rh5 Ke7 72. Rh7+ Ke6 73. b6 Qc4 74. Rh6+ Ke7 75. b7 Qb4 76. Rb5 1-0


[Site "https://www.chess.com"]

[Event "Titled Tuesday Blitz November 14 Early 2023"]
[White "Chernomordik, Pavel"]
[Black "Mladenovic, Stefan"]
[WhiteFideId "2804530"]
[BlackFideId "942227"]
[WhiteElo "2538"]
[BlackElo "2686"]
[Result "1/2-1/2"]
[Round "10"]
[TimeControl "180+1"]
[Date "2023.11.14"]
[WhiteClock "0:00:25"]
[BlackClock "0:00:30"]
[Board "61"]

1. e4 c5 2. Nc3 Nc6 3. Bb5 Nd4 4. Bc4 g6 5. Nge2 Bg7 6. Nxd4 cxd4 7. Qf3 Nh6 8. Ne2 O-O 9. h3 Kh8 10. g4 e6 11. d3 Ng8 12. h4 f5 13. exf5 exf5 14. g5 Ne7 15. Nf4 d5 16. Nxd5 Nxd5 17. Bxd5 Qe7+ 18. Kf1 Be6 19. Bf4 Bxd5 20. Qxd5 Rad8 21. Qf3 Qb4 22. h5 Kg8 23. hxg6 hxg6 24. Kg2 Qxb2 25. Rab1 Qxa2 26. Rxb7 Qd5 27. Rxa7 Qxf3+ 28. Kxf3 Rc8 29. Rc1 Rf7 30. Ra6 Kh7 31. Rh1+ Kg8 32. Rxg6 Rxc2 33. Be5 Rc3 34. Kf4 Rxd3 35. Bxg7 Rxg7 36. Rxg7+ Kxg7 37. Kxf5 Rf3+ 38. Ke4 Rxf2 39. Kxd4 Kg6 40. Rg1 Rf5 41. Ke4 Rxg5 42. Rxg5+ Kxg5 1/2-1/2


[Site "https://www.chess.com"]

[Event "Titled Tuesday Blitz November 14 Early 2023"]
[White "Herman, Matthew"]
[Black "Timerkhanov, Alexander"]
[WhiteFideId "2028964"]
[BlackFideId "24177938"]
[WhiteElo "2535"]
[BlackElo "2685"]
[Result "0-1"]
[Round "10"]
[TimeControl "180+1"]
[Date "2023.11.14"]
[WhiteClock "0:00:08"]
[BlackClock "0:01:35"]
[Board "62"]

1. e4 c6 2. d4 d5 3. e5 Bf5 4. h4 h5 5. c4 e6 6. Nc3 Nd7 7. cxd5 cxd5 8. Bd3 Bxd3 9. Qxd3 a6 10. Nf3 Ne7 11. Bg5 Qb6 12. O-O Nf5 13. Nxd5 exd5 14. Qxf5 Qe6 15. Qxe6+ fxe6 16. Rac1 Bb4 17. Rc7 Rb8 18. Rfc1 Rf8 19. Ne1 Ba5 20. R7c2 Bb6 21. Be3 Ke7 22. g3 Ra8 23. Nd3 g6 24. Nf4 Kf7 25. Kf1 Rad8 26. Ke2 Nb8 27. Kd3 Nc6 28. Rxc6 bxc6 29. Rxc6 Rb8 30. Nxe6 Rfc8 31. Ng5+ Kg7 32. Rd6 Bd8 33. Rd7+ Kg8 34. b3 Bxg5 35. Bxg5 Rb5 36. e6 Re8 37. e7 Kf7 38. Rd6 a5 39. Rf6+ Kg7 40. Rc6 a4 41. bxa4 Ra5 42. Rc5 Rxa4 43. Rxd5 Rxa2 44. f4 Kf7 45. Rd6 Rg2 46. Ke4 Rxg3 47. d5 Rg1 48. Rd7 Re1+ 49. Kd4 Rd1+ 50. Ke5 Re1+ 51. Kd6 Ra1 52. Rc7 Ra6+ 53. Ke5 Ra1 54. d6 Re1+ 55. Kd5 Rd1+ 56. Kc6 Ke6 57. d7 Rd6+ 58. Kb7 Rxd7 59. Rxd7 Kxd7 60. Kb6 Rxe7 61. Bxe7 Kxe7 62. Kc5 Ke6 63. Kd4 Kf5 64. Ke3 Kg4 65. Ke4 Kxh4 66. Ke5 Kg4 0-1


[Site "https://www.chess.com"]

[Event "Titled Tuesday Blitz November 14 Early 2023"]
[White "Lukovic, Vladimir"]
[Black "Manukian, Artak"]
[WhiteFideId "942952"]
[BlackFideId "13301373"]
[WhiteElo "2682"]
[BlackElo "2535"]
[Result "1-0"]
[Round "10"]
[TimeControl "180+1"]
[Date "2023.11.14"]
[WhiteClock "0:01:00"]
[BlackClock "0:00:57"]
[Board "63"]

1. e4 c6 2. d4 d5 3. Nc3 dxe4 4. Nxe4 Nf6 5. Nxf6+ exf6 6. Nf3 Bd6 7. Bd3 O-O 8. O-O Bg4 9. h3 Bh5 10. c3 Nd7 11. Re1 Re8 12. Rxe8+ Qxe8 13. Bd2 Qe6 14. Qe2 Re8 15. Qxe6 Rxe6 16. Ne1 Bg6 17. Bf1 Nb6 18. b3 Nd5 19. Nd3 Bxd3 20. Bxd3 Nf4 21. Bc4 Re7 22. Re1 Rxe1+ 23. Bxe1 b5 24. Bf1 g5 25. g3 Ne6 26. Bd3 h5 27. Be4 c5 28. dxc5 Nxc5 29. Bf5 a5 30. Kf1 Kf8 31. Ke2 Ke7 32. f3 Kd8 33. Bd3 Nxd3 34. Kxd3 f5 35. c4 b4 36. Kd4 f4 37. g4 hxg4 38. hxg4 Ke7 39. Kd5 Bb8 40. Bf2 f5 41. gxf5 Kf6 42. Ke4 Bc7 43. Bd4+ Kf7 44. Kd5 Bd8 45. c5 g4 46. fxg4 f3 47. Ke4 1-0


[Site "https://www.chess.com"]

[Event "Titled Tuesday Blitz November 14 Early 2023"]
[White "Shuvalov, Evgenij"]
[Black "Raahul V S"]
[WhiteFideId "4187237"]
[BlackFideId "25035525"]
[WhiteElo "2518"]
[BlackElo "2681"]
[Result "1-0"]
[Round "10"]
[TimeControl "180+1"]
[Date "2023.11.14"]
[WhiteClock "0:00:36"]
[BlackClock "0:00:00"]
[Board "64"]

1. d4 d5 2. c4 c6 3. Nc3 e6 4. e3 f5 5. Nf3 Nf6 6. Bd3 Bd6 7. O-O O-O 8. b3 Ne4 9. Ne2 Nd7 10. Bb2 g5 11. Bc2 Qc7 12. h3 h6 13. Ne1 Ndf6 14. Nd3 g4 15. h4 Nh5 16. g3 Bxg3 17. fxg3 Nhxg3 18. Ne5 Nxf1 19. Qxf1 Qg7 20. Nf4 Bd7 21. Qg2 Rad8 22. Ba3 c5 23. Bxe4 fxe4 24. Bxc5 Rf5 25. Qxg4 b6 26. Be7 Re8 27. Bb4 Qxg4+ 28. Nxg4 Kh7 29. Ne5 Bc8 30. Kh2 Rg8 31. Rg1 Rxg1 32. Kxg1 1-0


[Site "https://www.chess.com"]

[Event "Titled Tuesday Blitz November 14 Early 2023"]
[White "Ovetchkin, Roman"]
[Black "Kanyamarala, Tarun"]
[WhiteFideId "4119991"]
[BlackFideId "45004714"]
[WhiteElo "2666"]
[BlackElo "2514"]
[Result "1-0"]
[Round "10"]
[TimeControl "180+1"]
[Date "2023.11.14"]
[WhiteClock "0:00:43"]
[BlackClock "0:00:55"]
[Board "65"]

1. d4 Nf6 2. c4 e6 3. g3 d5 4. Bg2 Bb4+ 5. Bd2 Be7 6. Nf3 O-O 7. O-O Nbd7 8. Qc2 c6 9. a4 b6 10. a5 Ba6 11. b3 Qc8 12. Rc1 Qb7 13. e3 Rfc8 14. Na3 Ne4 15. Be1 Nd6 16. Nd2 Nf6 17. b4 b5 18. c5 Nc4 19. Nf3 Nd7 20. Bc3 Qc7 21. e4 Nxa3 22. Rxa3 dxe4 23. Qxe4 Nf6 24. Qe2 Nd5 25. Bd2 Bf6 26. h4 Qe7 27. Re1 Re8 28. Rd3 Bb7 29. Ne5 Bxe5 30. dxe5 a6 31. Be4 f5 32. exf6 gxf6 33. Bh6 Kh8 34. Qd2 Qf7 35. Bf3 Rad8 36. Re4 Qg6 37. h5 Qf5 38. g4 Rg8 39. Kh2 Rxg4 40. Rxg4 Qxh5+ 41. Kg1 Qe5 42. Bg7+ Kg8 43. Bxf6+ 1-0


[Site "https://www.chess.com"]

[Event "Titled Tuesday Blitz November 14 Early 2023"]
[White "Bao, Qilin"]
[Black "arenal72"]
[WhiteFideId "8605750"]
[WhiteElo "2653"]
[BlackElo "2504"]
[Result "1/2-1/2"]
[Round "10"]
[TimeControl "180+1"]
[Date "2023.11.14"]
[WhiteClock "0:01:02"]
[BlackClock "0:00:21"]
[Board "66"]

1. Nf3 d6 2. d4 g6 3. b3 Bg7 4. Bb2 c5 5. g3 Nc6 6. Bg2 cxd4 7. Nxd4 Qb6 8. e3 Bd7 9. O-O Nxd4 10. Bxd4 Bxd4 11. exd4 Nf6 12. c4 O-O 13. Nc3 e6 14. Qf3 Kg7 15. Qxb7 Qxd4 16. Nb5 Bxb5 17. Qxb5 Rab8 18. Qa6 Qb6 19. Qa3 Qc5 20. Qa6 Qb6 21. Qa4 Rfd8 22. Rad1 d5 23. cxd5 Nxd5 24. Bxd5 Rxd5 25. Rxd5 exd5 26. Rd1 Rd8 27. Qd4+ Qxd4 28. Rxd4 Kf6 29. Ra4 Rd7 30. Kf1 Ke5 31. Ke2 g5 32. Kd3 h5 33. f3 f6 34. f4+ gxf4 35. Rxf4 f5 36. Rh4 Rh7 37. Ra4 Rf7 38. Rf4 Rc7 39. Rf1 Rg7 40. Re1+ Kd6 41. Re8 h4 42. gxh4 Rh7 43. Rd8+ Ke5 44. Re8+ Kd6 45. Rf8 Rxh4 46. Rxf5 Rxh2 47. Rf6+ Kc5 48. Ra6 Rh3+ 49. Kd2 Rh7 50. a3 Kd4 51. Ra4+ Kc5 52. Ra5+ Kd4 53. Ra4+ Kc5 54. b4+ Kc4 55. Ra5 Rh2+ 56. Ke3 d4+ 57. Ke4 Re2+ 58. Kf3 Re7 59. Rc5+ Kb3 60. Rd5 Kxa3 61. Rxd4 Kb3 62. Kf2 Kc3 63. Rh4 Rb7 64. Ke2 Rxb4 65. Rxb4 Kxb4 66. Kd2 Kb3 67. Kc1 Ka2 68. Kc2 a5 69. Kc1 a4 70. Kc2 Ka1 71. Kc1 Ka2 72. Kc2 a3 73. Kc1 Kb3 74. Kb1 a2+ 75. Ka1 Ka3 1/2-1/2


[Site "https://www.chess.com"]

[Event "Titled Tuesday Blitz November 14 Early 2023"]
[White "Omariev, Maksim"]
[Black "Golubev, Mikhail"]
[WhiteFideId "4193423"]
[BlackFideId "14100983"]
[WhiteElo "2501"]
[BlackElo "2652"]
[Result "1-0"]
[Round "10"]
[TimeControl "180+1"]
[Date "2023.11.14"]
[WhiteClock "0:00:10"]
[BlackClock "0:00:00"]
[Board "67"]

1. g4 d5 2. Bg2 c6 3. h3 e5 4. d4 e4 5. c4 h5 6. g5 Ne7 7. Nc3 Nf5 8. h4 Bb4 9. Bf4 Be6 10. e3 Nd7 11. Ne2 Nf8 12. cxd5 Bxc3+ 13. Nxc3 cxd5 14. Qb3 Ng6 15. Bg3 Nxg3 16. fxg3 Qd6 17. Ne2 O-O 18. O-O Bg4 19. Nf4 Ne7 20. Rac1 b6 21. Rc3 Rac8 22. Rfc1 Rxc3 23. Rxc3 Rc8 24. Rxc8+ Nxc8 25. Qxd5 Qxd5 26. Nxd5 Nd6 27. Kf2 Be6 28. Nc3 Bf5 29. Bf1 Kf8 30. Be2 Ke7 31. Bxh5 f6 32. gxf6+ gxf6 33. Be2 Bh7 34. g4 Kd7 35. Kg3 Kc6 36. Kf4 b5 37. a3 a5 38. b4 a4 39. g5 fxg5+ 40. hxg5 Bg6 41. Ke5 Bh5 42. Bxh5 Nc4+ 43. Kxe4 Nxa3 44. Be8+ Kc7 45. Nxb5+ Nxb5 46. Bxb5 a3 47. Bc4 a2 48. Bxa2 1-0


[Site "https://www.chess.com"]

[Event "Titled Tuesday Blitz November 14 Early 2023"]
[White "Grochal, Joey"]
[Black "Makhnev, Denis"]
[WhiteFideId "1019945"]
[BlackFideId "13707647"]
[WhiteElo "2496"]
[BlackElo "2649"]
[Result "0-1"]
[Round "10"]
[TimeControl "180+1"]
[Date "2023.11.14"]
[WhiteClock "0:00:51"]
[BlackClock "0:00:49"]
[Board "68"]

1. e4 c6 2. d4 d5 3. Nc3 dxe4 4. Nxe4 Bf5 5. Ng3 Bg6 6. h4 h6 7. Nf3 e6 8. h5 Bh7 9. Bd3 Bxd3 10. Qxd3 Nf6 11. Bd2 c5 12. O-O-O Nc6 13. Ne2 Be7 14. Kb1 O-O 15. Rdg1 cxd4 16. Nexd4 Nxd4 17. Nxd4 Bc5 18. Rh4 Nxh5 19. Rxh5 Qxd4 20. Qxd4 Bxd4 21. g4 Bxf2 22. Rg2 Bd4 23. g5 hxg5 24. Rhxg5 Rfd8 25. a4 Rd5 26. R5g4 Rad8 27. Bh6 g6 28. Bg5 R8d7 29. c3 Bg7 30. Rc4 f6 31. Be3 g5 32. Bxa7 e5 33. Be3 Kf7 34. Kc2 Kg6 35. b4 Bh6 36. Rcg4 f5 37. Rc4 g4 38. Bxh6 Kxh6 39. Rc8 e4 40. Re8 Kg5 41. a5 Kf4 42. Kb3 Rd2 43. Rg1 Rd1 44. Rxd1 Rxd1 45. b5 g3 46. a6 bxa6 47. bxa6 g2 0-1


[Site "https://www.chess.com"]

[Event "Titled Tuesday Blitz November 14 Early 2023"]
[White "Yen, William"]
[Black "Devaev, Alexander"]
[WhiteFideId "30932025"]
[BlackFideId "4169395"]
[WhiteElo "2647"]
[BlackElo "2486"]
[Result "1-0"]
[Round "10"]
[TimeControl "180+1"]
[Date "2023.11.14"]
[WhiteClock "0:00:03"]
[BlackClock "0:00:00"]
[Board "69"]

1. e4 c6 2. d4 d5 3. Nd2 dxe4 4. Nxe4 Bf5 5. Ng3 Bg6 6. h4 h6 7. Nf3 Nd7 8. h5 Bh7 9. Bd3 Bxd3 10. Qxd3 Qc7 11. Bd2 e6 12. O-O-O Ngf6 13. Kb1 O-O-O 14. Ne4 c5 15. Nxf6 Nxf6 16. Qa3 Kb8 17. dxc5 Bxc5 18. Qa4 Ka8 19. Bf4 Qb6 20. Ne5 Nd5 21. Bd2 Qc7 22. f4 f6 23. Nd3 Rc8 24. g4 Be3 25. Rhe1 Bxd2 26. Rxd2 Qb6 27. Qb3 Qa5 28. c3 Rc6 29. Rde2 Rb6 30. Rxe6 Rd8 31. Rxb6 Nxb6 32. Qb4 Qd5 33. Nc5 Qd2 34. Qe4 Rb8 35. Qe2 Qd6 36. Qe3 Rc8 37. Ne4 Qc7 38. Nd2 a6 39. Re2 Nd5 40. Qe4 Nb6 41. Nb3 Rd8 42. Nd4 Nc4 43. Ne6 Rd1+ 44. Kc2 Qd6 45. Nd4 Nxb2 46. Qe8+ 1-0


[Site "https://www.chess.com"]

[Event "Titled Tuesday Blitz November 14 Early 2023"]
[White "FoxOnTheRun97"]
[Black "Preobrazhenska_D2011"]
[WhiteElo "2616"]
[BlackElo "2464"]
[Result "1/2-1/2"]
[Round "10"]
[TimeControl "180+1"]
[Date "2023.11.14"]
[WhiteClock "0:00:07"]
[BlackClock "0:00:03"]
[Board "70"]

1. d4 Nf6 2. Bg5 Ne4 3. h4 h6 4. Bf4 d5 5. Nd2 Nf6 6. Ngf3 Bf5 7. e3 e6 8. Ne5 Nbd7 9. g4 Be4 10. f3 Bh7 11. Bd3 Bxd3 12. cxd3 Bd6 13. Qb3 Qc8 14. Rc1 Bxe5 15. dxe5 Ng8 16. d4 Ne7 17. h5 c6 18. Qa3 Qd8 19. Qb4 Qc7 20. a4 a5 21. Qa3 Qb6 22. Rc3 Rc8 23. Ke2 Qa6+ 24. Kf2 b5 25. axb5 cxb5 26. Rxc8+ Nxc8 27. Rc1 b4 28. Qa4 Nb6 29. Qd1 a4 30. e4 a3 31. bxa3 bxa3 32. Ra1 O-O 33. Kg3 dxe4 34. Nxe4 Nd5 35. Bd2 Qc4 36. Bc1 Nc3 37. Qd2 Nxe4+ 38. fxe4 Qb3+ 39. Qe3 Qxe3+ 40. Bxe3 Ra8 41. Ra2 Nb6 42. Kf3 Nc4 43. Bc1 Rd8 44. Be3 Rb8 45. Bc1 Rb3+ 46. Ke2 Kf8 47. Kd1 Rd3+ 48. Kc2 Rxd4 49. Bxa3+ Nxa3+ 50. Rxa3 Rxe4 51. Ra8+ Ke7 52. Ra7+ Ke8 53. Ra8+ Kd7 54. Ra7+ Ke8 55. Ra8+ Ke7 56. Ra7+ Ke8 1/2-1/2


[Site "https://www.chess.com"]

[Event "Titled Tuesday Blitz November 14 Early 2023"]
[White "Gontcharov, Vladislav"]
[Black "Begunov, Konstantin"]
[WhiteFideId "4123492"]
[BlackFideId "4118510"]
[WhiteElo "2614"]
[BlackElo "2460"]
[Result "1-0"]
[Round "10"]
[TimeControl "180+1"]
[Date "2023.11.14"]
[WhiteClock "0:00:23"]
[BlackClock "0:00:00"]
[Board "71"]

1. d4 d5 2. c4 c6 3. Nf3 Nf6 4. e3 a6 5. c5 Bg4 6. Nc3 e5 7. Qb3 Bxf3 8. Qxb7 exd4 9. exd4 Qe7+ 10. Qxe7+ Bxe7 11. gxf3 Nfd7 12. Be3 Bf6 13. O-O-O Nf8 14. f4 g6 15. f5 Nbd7 16. Bh3 Rb8 17. Rhe1 Kd8 18. a3 Rg8 19. b4 gxf5 20. Bxf5 Ne6 21. Kc2 h6 22. Kd3 Bg5 23. Rg1 Ke7 24. Bxe6 fxe6 25. f4 Bh4 26. Rdf1 Nf6 27. f5 Bg5 28. fxe6 Bxe3 29. Kxe3 Kxe6 30. h3 Rxg1 31. Rxg1 Kf5 32. Rf1+ Kg5 33. Rg1+ Kf5 34. Rg7 Re8+ 35. Kd3 Nh5 36. Ra7 Nf4+ 37. Kc2 Nxh3 38. Rxa6 Re6 39. Ra8 h5 40. a4 Rh6 41. b5 Nf4 42. b6 Rh7 43. Ra7 Rh8 44. b7 Rb8 45. a5 Ne6 46. a6 Nxd4+ 47. Kb2 Nb5 48. Nxb5 cxb5 49. Ra8 1-0


[Site "https://www.chess.com"]

[Event "Titled Tuesday Blitz November 14 Early 2023"]
[White "UNSTOPPABLE_LEGEND"]
[Black "Demin, Vladimir"]
[BlackFideId "4167457"]
[WhiteElo "2476"]
[BlackElo "2594"]
[Result "1-0"]
[Round "10"]
[TimeControl "180+1"]
[Date "2023.11.14"]
[WhiteClock "0:02:05"]
[BlackClock "0:02:12"]
[Board "72"]

1. Nf3 d5 2. c4 e6 3. g3 Nf6 4. Bg2 Be7 5. O-O O-O 6. b3 d4 7. e3 c5 8. Ne5 Nfd7 9. exd4 cxd4 10. Nxd7 Nxd7 11. d3 e5 12. Na3 a5 13. Nc2 Nc5 14. Re1 Bf5 15. Rxe5 Bxd3 16. Rd5 Qb6 17. Nxd4 Rad8 18. Be3 Be4 19. Bxe4 Nxe4 20. Qf3 Nc5 21. Nf5 1-0


[Site "https://www.chess.com"]

[Event "Titled Tuesday Blitz November 14 Early 2023"]
[White "Mestnikov, Aisen"]
[Black "JuniorJumper"]
[WhiteFideId "34130117"]
[WhiteElo "2408"]
[BlackElo "2591"]
[Result "1-0"]
[Round "10"]
[TimeControl "180+1"]
[Date "2023.11.14"]
[WhiteClock "0:00:15"]
[BlackClock "0:00:07"]
[Board "73"]

1. d4 Nf6 2. c4 e6 3. Nf3 b6 4. g3 Bb7 5. Bg2 Bb4+ 6. Bd2 Bxd2+ 7. Qxd2 O-O 8. O-O Ne4 9. Qc2 f5 10. Ne5 d6 11. Nd3 Nd7 12. Nc3 Ndf6 13. f3 Nxc3 14. Qxc3 Qe7 15. Rae1 Rae8 16. e4 fxe4 17. fxe4 e5 18. dxe5 dxe5 19. c5 Ba6 20. cxb6 cxb6 21. Rf5 Ng4 22. Nb4 Rc8 23. Nd5 Qd6 24. Qb4 Qxb4 25. Nxb4 Bb7 26. h3 Rc4 27. a3 a5 28. Bf1 Rxe4 29. Rxe4 Bxe4 30. Bc4+ Rf7 31. Rxf7 Ne3 32. Bb3 axb4 33. Re7+ Bd5 34. Rxe5 Bxb3 35. Rxe3 Bd5 36. axb4 Kf7 37. Kf2 Kf6 38. g4 Bc4 39. Kg3 b5 40. Kf4 g5+ 41. Kg3 h6 42. h4 Kg6 43. Re5 Kf6 44. Rc5 Kg6 45. b3 Be2 46. Rc6+ Kf7 47. hxg5 hxg5 48. Rb6 Bd3 49. Kf2 Kg7 50. Ke3 Bf1 51. Ke4 Kf7 52. Kf5 Ke7 53. Kxg5 Kd7 54. Kh6 Kc7 55. Rf6 Bd3 56. g5 Kd7 57. g6 Ke7 58. Rf4 Bc2 59. g7 Bxb3 60. Rf8 Kd6 61. g8=Q Bxg8 62. Rxg8 Kd5 63. Rg4 Ke5 64. Kg5 Ke6 65. Re4+ Kd5 66. Kf5 Kd6 67. Rd4+ Kc6 68. Ke5 Kb6 69. Kd5 Kb7 70. Kc5 Ka6 71. Rd6+ Kb7 72. Kxb5 Kc7 73. Kc5 Kb7 74. Rd7+ Ka6 75. b5+ Ka5 76. Ra7# 1-0


[Site "https://www.chess.com"]

[Event "Titled Tuesday Blitz November 14 Early 2023"]
[White "Skatchkov, Valery"]
[Black "Degtiarev, Evgeny"]
[WhiteFideId "24195812"]
[BlackFideId "4149610"]
[WhiteElo "2590"]
[BlackElo "2385"]
[Result "1-0"]
[Round "10"]
[TimeControl "180+1"]
[Date "2023.11.14"]
[WhiteClock "0:01:39"]
[BlackClock "0:00:07"]
[Board "74"]

1. d4 d5 2. c4 c6 3. Nf3 Nf6 4. Nc3 a6 5. Qc2 b5 6. e4 b4 7. e5 bxc3 8. exf6 cxb2 9. Bxb2 exf6 10. c5 Be7 11. Bd3 g6 12. O-O O-O 13. Bc1 Re8 14. Bh6 a5 15. Rab1 Nd7 16. Qa4 Ba6 17. Rfd1 Bxd3 18. Rxd3 Bxc5 19. Qxc6 Bf8 20. Bf4 Rc8 21. Qxd5 Re6 22. h4 Nb6 23. Qxd8 Rxd8 24. Bc7 Rc8 25. Bxb6 Rb8 26. Rdb3 a4 27. Rb5 1-0


[Site "https://www.chess.com"]

[Event "Titled Tuesday Blitz November 14 Early 2023"]
[White "Lymar, Vladislav"]
[Black "Zaksaite, Salomeja"]
[WhiteFideId "14162180"]
[BlackFideId "12801496"]
[WhiteElo "2580"]
[BlackElo "2369"]
[Result "1-0"]
[Round "10"]
[TimeControl "180+1"]
[Date "2023.11.14"]
[WhiteClock "0:00:06"]
[BlackClock "0:00:02"]
[Board "75"]

1. d4 Nf6 2. c4 g6 3. Nc3 Bg7 4. e4 d6 5. Nf3 O-O 6. Be2 Nbd7 7. Bg5 c5 8. d5 a6 9. O-O Rb8 10. a4 Ne5 11. Nd2 h6 12. Bf4 g5 13. Bg3 Ng6 14. f4 gxf4 15. Bxf4 Nxf4 16. Rxf4 e6 17. Qf1 exd5 18. exd5 Re8 19. Bd3 Qe7 20. Kh1 Ng4 21. Nde4 Qh4 22. h3 Be5 23. Rxf7 Ne3 24. Qf3 Bg4 25. Nf6+ Bxf6 26. Qxf6 Qxf6 27. Rxf6 Bh5 28. Rxh6 Bf7 29. Rxd6 Re5 30. Re1 Rbe8 31. Rb6 Nxc4 32. Rxe5 Nxe5 33. Bf5 Rd8 34. Rxb7 c4 35. a5 Nd3 36. h4 Nf4 37. g3 Nxd5 38. Kh2 Nxc3 39. bxc3 Rd2+ 40. Kh3 Rd3 41. Bxd3 cxd3 42. Rb2 Bd5 43. Rd2 Be4 44. Kg4 Kf7 45. Kf4 Bh7 46. g4 Ke6 47. c4 Kd6 48. Ke3 Kc5 49. Rxd3 1-0


[Site "https://www.chess.com"]

[Event "Titled Tuesday Blitz November 14 Early 2023"]
[White "Witty_Alien"]
[Black "Vestby-Ellingsen, Mads"]
[BlackFideId "1520857"]
[WhiteElo "2299"]
[BlackElo "2575"]
[Result "0-1"]
[Round "10"]
[TimeControl "180+1"]
[Date "2023.11.14"]
[WhiteClock "0:00:00"]
[BlackClock "0:00:02"]
[Board "76"]

1. e4 c5 2. Nf3 d6 3. d4 cxd4 4. Nxd4 Nf6 5. Nc3 Nc6 6. Nd5 e6 7. Nxf6+ gxf6 8. Nxc6 bxc6 9. Bd3 h5 10. O-O h4 11. h3 Qb6 12. Be3 c5 13. b4 Qxb4 14. Rb1 Qa5 15. Bb5+ Ke7 16. Bc6 Ba6 17. Bxa8 Qc7 18. Re1 Bg7 19. Qg4 Kf8 20. f4 Qc8 21. e5 Qxa8 22. exd6 Rg8 23. Bxc5 Ke8 24. Rxe6+ Kd8 25. Re7 f5 26. Rb8+ Qxb8 27. Qxf5 Qc8 28. Qxf7 Qxc5+ 29. Kh2 Qxd6 30. Rxa7 Rf8 31. Ra8+ Bc8 32. Qxg7 Qxf4+ 33. Kh1 Qf1+ 34. Kh2 Qf4+ 35. Kh1 Re8 36. Qc3 Qf1+ 37. Kh2 Qf4+ 38. Kh1 Qf1+ 39. Kh2 Qf5 40. Qd2+ Qd7 41. Qa5+ Qc7+ 42. Qxc7+ Kxc7 43. Ra7+ Bb7 44. Ra4 Re2 0-1


[Site "https://www.chess.com"]

[Event "Titled Tuesday Blitz November 14 Early 2023"]
[White "Quirke, Jeffrey"]
[Black "Sharapov, Evgeny"]
[WhiteFideId "2013029"]
[BlackFideId "14103133"]
[WhiteElo "2294"]
[BlackElo "2570"]
[Result "0-1"]
[Round "10"]
[TimeControl "180+1"]
[Date "2023.11.14"]
[WhiteClock "0:00:01"]
[BlackClock "0:01:39"]
[Board "77"]

1. e4 c5 2. c3 Nf6 3. e5 Nd5 4. Nf3 Nc6 5. Bc4 Nb6 6. Bb3 d5 7. exd6 exd6 8. O-O Be7 9. h3 O-O 10. d4 cxd4 11. Nxd4 d5 12. Bf4 Nxd4 13. cxd4 Be6 14. Nc3 Rc8 15. Re1 Nc4 16. Bxc4 Rxc4 17. Be5 f6 18. Bg3 Bf7 19. Qd2 Bb4 20. Rac1 Qa5 21. a3 Bxc3 22. Rxc3 Rxc3 23. Qxc3 Qxc3 24. bxc3 Rc8 25. Rb1 b6 26. Rb3 Be6 27. a4 Kf7 28. a5 bxa5 29. Ra3 h5 30. h4 g5 31. Bd6 Rc6 32. Bc5 gxh4 33. Rxa5 a6 34. Ra1 Kg6 35. f3 h3 36. gxh3 Bxh3 37. Kf2 Bf5 38. Kg3 Bd3 39. Kf4 Re6 40. Rg1+ Kf7 41. Rh1 Bg6 42. Ra1 Rc6 43. Ra2 Bd3 44. Rh2 Bg6 45. Rb2 Ke6 46. Rb8 Bd3 47. Rh8 a5 48. Rxh5 a4 49. Rh8 Ra6 50. Re8+ Kf7 51. Re7+ Kg6 52. Re1 a3 53. Ra1 a2 54. Ke3 Bb1 55. Kd2 Kf5 56. Kc1 Kf4 57. Kb2 Kxf3 58. Rxb1 axb1=Q+ 59. Kxb1 f5 60. Kc2 Ke4 61. Bd6 f4 0-1


[Site "https://www.chess.com"]

[Event "Titled Tuesday Blitz November 14 Early 2023"]
[White "Aash20"]
[Black "Krivonosov, Oleg"]
[BlackFideId "11600349"]
[WhiteElo "2479"]
[BlackElo "2692"]
[Result "1/2-1/2"]
[Round "10"]
[TimeControl "180+1"]
[Date "2023.11.14"]
[WhiteClock "0:02:35"]
[BlackClock "0:01:38"]
[Board "78"]

1. e4 e5 2. Nf3 Nc6 3. Bc4 Bc5 4. c3 Nf6 5. d4 exd4 6. cxd4 Bb4+ 7. Bd2 Nxe4 8. Bxb4 Nxb4 9. Bxf7+ Kxf7 10. Qb3+ Kf8 11. Qxb4+ Qe7 12. Qxe7+ Kxe7 13. O-O Kd8 14. Nc3 Nxc3 15. bxc3 d6 16. Rfe1 h6 17. Re3 Bd7 18. Rae1 Re8 19. d5 Rxe3 20. Rxe3 c6 21. dxc6 bxc6 22. h4 Rb8 23. Nd4 Rb1+ 24. Kh2 Rb2 25. Re2 Rxe2 26. Nxe2 c5 27. Kg3 Ke7 28. Kf4 Kf6 29. f3 g5+ 30. hxg5+ hxg5+ 31. Ke3 d5 32. f4 Be6 33. fxg5+ Kxg5 34. a3 Kg4 35. Nf4 d4+ 36. cxd4 cxd4+ 37. Kxd4 Kxf4 38. Kc3 Kg3 39. Kb2 Kxg2 40. a4 Kf3 41. a5 a6 42. Ka1 Ke4 43. Kb1 Kd3 44. Ka1 Kc4 45. Kb1 Kb5 46. Ka1 Kxa5 47. Kb1 Kb4 48. Ka1 Kb3 49. Kb1 a5 50. Ka1 a4 51. Kb1 a3 52. Ka1 a2 1/2-1/2


[Site "https://www.chess.com"]

[Event "Titled Tuesday Blitz November 14 Early 2023"]
[White "Makaraci, Tunahan"]
[Black "Rozman, Levy"]
[WhiteFideId "6356559"]
[BlackFideId "2039877"]
[WhiteElo "2479"]
[BlackElo "2686"]
[Result "0-1"]
[Round "10"]
[TimeControl "180+1"]
[Date "2023.11.14"]
[WhiteClock "0:00:00"]
[BlackClock "0:01:39"]
[Board "79"]

1. e4 g6 2. d4 Bg7 3. Nc3 a6 4. a4 d6 5. g3 Nc6 6. Nge2 Bg4 7. Be3 Bf3 8. Rg1 e5 9. dxe5 Nxe5 10. Bg2 Qd7 11. Kf1 h5 12. Bd4 Bxg2+ 13. Rxg2 Nf6 14. Bxe5 dxe5 15. Qxd7+ Nxd7 16. f3 c6 17. Rd1 Ke7 18. Nc1 Nc5 19. Nd3 Ne6 20. Nc1 h4 21. Kg1 Bh6 22. Kf2 Nd4 23. f4 Nxc2 24. Kf3 Nd4+ 25. Ke3 Rad8 26. Rgd2 h3 27. N1e2 Nxe2 28. Rxd8 Rxd8 29. Rxd8 exf4+ 30. Kxe2 Kxd8 31. Kf3 fxg3 32. Kxg3 Bg7 33. Nd1 Kc7 34. Kxh3 Kb6 35. Kg4 Ka5 36. h4 Kxa4 37. h5 gxh5+ 38. Kxh5 Kb3 0-1


[Site "https://www.chess.com"]

[Event "Titled Tuesday Blitz November 14 Early 2023"]
[White "ploxoi"]
[Black "Skliarov, Viktor"]
[BlackFideId "14106736"]
[WhiteElo "2464"]
[BlackElo "2656"]
[Result "0-1"]
[Round "10"]
[TimeControl "180+1"]
[Date "2023.11.14"]
[WhiteClock "0:00:08"]
[BlackClock "0:00:38"]
[Board "80"]

1. d4 Nf6 2. c4 e5 3. dxe5 Ng4 4. Nf3 Nc6 5. Bf4 Bb4+ 6. Nbd2 Qe7 7. a3 Ngxe5 8. Nxe5 Nxe5 9. e3 Bxd2+ 10. Qxd2 O-O 11. Be2 d6 12. O-O Ng6 13. Bg3 Be6 14. Rfd1 b6 15. Rac1 a5 16. Qd4 a4 17. h4 f6 18. h5 Ne5 19. Rd2 Ra5 20. e4 Nd7 21. Rcd1 Nc5 22. Rc2 Bf7 23. Bf3 Nb3 24. Qc3 Bxh5 25. Bf4 Bxf3 26. Qxf3 f5 27. exf5 Raxf5 28. g3 g5 29. Qg4 h5 30. Qxh5 gxf4 31. Qg6+ Qg7 32. Qxg7+ Kxg7 33. g4 Re5 34. Rc3 f3 35. Rdd3 Re1+ 36. Kh2 Re2 37. Rxf3 Rxf2+ 38. Rxf2 Rxf2+ 39. Kg3 Rxb2 0-1


[Site "https://www.chess.com"]